 Dungeon Crawl Stone Soup version 0.29-a0-577-gafbf2c5d25 (webtiles) character file.

Game seed: 12866001975461837757

595 zishaf the Magician (level 7, -1/51 HPs)
             Began as a Djinni Venom Mage on June 13, 2022.
             Slain by a sky beast (2 damage)
             ... on level 5 of the Dungeon.
             The game lasted 00:08:26 (4683 turns).

zishaf the Magician (Djinni Venom Mage)             Turns: 4683, Time: 00:08:27

Health: -1/51      AC:  7    Str:  7    XL:     7   Next: 67%
Gold:   320        EV: 11    Int: 19    God:
                   SH:  6    Dex: 16

rFire   + + .      SeeInvis .   l - +1 dagger (venom)
rCold   x . .      Faith    .   p - +1 buckler of Summer {+Blink Dex+3}
rNeg    . . .      Spirit   .   c - +3 leather armour
rPois   ∞          Reflect  .   (no helmet)
rElec   .          Harm     .   u - scarf {repulsion}
rCorr   .          Rampage  .   z - +0 pair of gloves
Will    .....                   (boots unavailable)
Stlth   ++........              (no amulet)
HPRegen 0.17/turn               (no ring)
MPRegen 0.00/turn               (no ring)

@: flying, studying Fighting, repel missiles
A: sickness immunity, fire resistance 2, cold vulnerability 1, float, innate
caster, HP casting, extra vitality 1
a: Evoke Blink


You were on level 5 of the Dungeon.
You visited 1 branch of the dungeon, and saw 5 of its levels.

You collected 320 gold pieces.

Inventory:

Hand Weapons
 l - a +1 dagger of venom (weapon)
Missiles
 A - a throwing net
Armour
 c - a +3 leather armour (worn)
 f - a +3 ring mail
 n - a +0 cloak
 p - the +1 buckler of Summer (worn) {+Blink Dex+3}
   (You took it off a hobgoblin on level 2 of the Dungeon)

   Dex:       It affects your dexterity (+3).
   +Blink:    It lets you blink.
 u - a scarf of repulsion (worn)
 z - a +0 pair of gloves (worn)
Wands
 q - a wand of flame (5)
Scrolls
 b - 2 scrolls of poison {unknown}
 g - 6 scrolls of identify {unknown}
 j - a scroll of enchant weapon {unknown}
 k - a scroll of blinking {unknown}
 o - 5 scrolls of noise {unknown}
 t - 2 scrolls of teleportation {unknown}
 v - a scroll of fear {unknown}
 w - a scroll of amnesia {unknown}
 x - a scroll of vulnerability {unknown}
 y - a scroll of fog {unknown}
 B - 3 scrolls of summoning {unknown}
Potions
 a - a potion of haste {unknown}
 d - 2 potions of magic {unknown}
 e - a potion of invisibility {unknown}
 h - 6 potions of curing {unknown}
 i - 2 potions of flight {unknown}
 m - a potion of brilliance {unknown}
 r - a potion of heal wounds {unknown}
 s - a potion of mutation {unknown}


   Skills:
 + Level 3.7 Fighting
 - Level 2.1 Dodging
 - Level 1.5 Stealth
 + Level 2.8 Shields
 * Level 4.6 Spellcasting
 + Level 2.8 Evocations


You couldn't memorise any spells.
You knew the following spells:

 Your Spells              Type           Power      Damage    Failure   Level
a - Sting                 Tmut/Pois      88%        1d7       3%          1
b - Poisonous Vapours     Pois/Air       44%        N/A       6%          2
c - Stone Arrow           Conj/Erth      44%        3d9       12%         3
z - Mephitic Cloud        Conj/Pois/Air  22%        N/A       12%         3
A - Olgreb's Toxic Radia  Pois           22%        N/A       36%         4
B - Beastly Appendage     Tmut           44%        N/A       3%          1
C - Scorch                Fire           44%        2d7       6%          2
Your spell library was empty.

Dungeon Overview and Level Annotations

Branches:
Dungeon (5/15)
 Temple: D:4-7

Altars:

Shops:
D:3 *   D:5 *=


Innate Abilities, Weirdness & Mutations

You are immune to sickness and miasma.
You are immune to poison.
Your flesh is very heat resistant. (rF++)
You are vulnerable to cold. (rC-)
You float through the air rather than walking.
You learn spells naturally, not from books.
Your magical power is your life essence.
You have superior vitality. (+4 MHP)


Message History

Reactivating autopickup.
Casting: Scorch (safe; 6% risk of failure)
Confirm with . or Enter, or press ? or * to list all spells.
Flames lash the sky beast.
The sky beast is moderately wounded.
The sky beast's fire resistance burns away.
You hear some strange, mumbled words.
Deactivating autopickup; reactivate with Ctrl-A.
Something tries to affect you, but you resist.
The sky beast flickers out of sight!
Something hits you. Something shocks you.
* * * LOW HITPOINT WARNING * * *
Casting: Scorch (safe; 6% risk of failure)
Confirm with . or Enter, or press ? or * to list all spells.
You can't see any susceptible monsters within range! (Use Z to cast anyway.)
You block something's attack.
Casting: Scorch (safe; 6% risk of failure)
Confirm with . or Enter, or press ? or * to list all spells.
You can't see any susceptible monsters within range! (Use Z to cast anyway.)
Casting: Scorch (safe; 6% risk of failure)
Confirm with . or Enter, or press ? or * to list all spells.
Flames lash something.
* * * LOW HITPOINT WARNING * * *
Something hits you but does no damage. Something hits you.
* * * LOW HITPOINT WARNING * * *
Something shocks you.
* * * LOW HITPOINT WARNING * * *
Casting: Scorch (safe; 6% risk of failure)
Confirm with . or Enter, or press ? or * to list all spells.
Flames lash something.
Reactivating autopickup.
You feel a bit more experienced.
* * * LOW HITPOINT WARNING * * *
Something hits you but does no damage.
Deactivating autopickup; reactivate with Ctrl-A.
Casting: Scorch (safe; 6% risk of failure)
Confirm with . or Enter, or press ? or * to list all spells.
Flames lash something.
* * * LOW HITPOINT WARNING * * *
Something hits you.
You die...

............<...###
..................###
...#........#)....#.##
#...##..###.......# ##
##..#..####.......# .##
#...##.#.#........###..# ....
...........)........#... ....
..........).)......###..## ....
##.......@{......#####...# ...#
#.................##...# ...#
#....................... ...#
+.......#.###........... ...#
#......##.# #........... ...##
##..........##..#.......#
##..#####........#..#..##.....###
##....#........# #.....#........
.#....#........###...............


There were no monsters in sight!

Vanquished Creatures
  2 centaurs (D:4)
  A phantom (D:5)
  A scorpion (D:4)
  A hound (D:4)
  Ijyb (D:3)
  An iguana (D:5)
  2 orc wizards (D:5)
  3 gnolls (D:4)
  5 adders
  A white imp (D:4)
  3 worms
  A dart slug (D:4)
  8 orcs
  8 bats
  3 endoplasms
  4 giant cockroaches
  13 goblins
  6 hobgoblins
  2 jackals (D:4)
  4 quokkas
  4 ball pythons
  4 frilled lizards
  3 kobolds
  6 rats
87 creatures vanquished.

Notes
Turn   | Place    | Note
-------+----------+-------------------------------------------
     0 | D:1      | zishaf the Djinni Venom Mage began the quest for the Orb.
     0 | D:1      | Reached XP level 1. HP: 15/15 MP: 0/0
   498 | D:1      | Reached XP level 2. HP: 20/22 MP: 0/0
   561 | D:1      | Found a faded altar of an unknown god.
   793 | D:1      | Reached skill level 1 in Fighting
   927 | D:2      | Reached skill level 3 in Spellcasting
   927 | D:2      | Reached XP level 3. HP: 16/27 MP: 0/0
   927 | D:2      | Learned a level 1 spell: Beastly Appendage
  1294 | D:2      | Identified the +1 buckler of Summer {+Blink Dex+3}
  1619 | D:2      | Reached XP level 4. HP: 27/32 MP: 0/0
  1967 | D:3      | Noticed Ijyb
  1989 | D:3      | Killed Ijyb
  2287 | D:3      | Reached XP level 5. HP: 22/38 MP: 0/0
  2287 | D:3      | Learned a level 2 spell: Scorch
  2578 | D:3      | Reached skill level 1 in Evocations
  2715 | D:3      | Found Amukh's General Store.
  2776 | D:3      | Reached skill level 1 in Shields
  3434 | D:4      | Reached XP level 6. HP: 41/44 MP: 0/0
  3486 | D:4      | Reached skill level 4 in Spellcasting
  3953 | D:4      | Reached XP level 7. HP: 38/49 MP: 0/0
  3953 | D:4      | Learned a level 3 spell: Stone Arrow
  4395 | D:5      | Entered Level 5 of the Dungeon
  4395 | D:5      | Found Laawunk's Jewellery Shoppe.
  4477 | D:5      | Found Akhlosichu's Assorted Antiques.
  4683 | D:5      | Slain by a sky beast

Illustrated notes

Levels and vault maps discovered:
D:1:      minmay_arrival_three_doors, layout_basic,
          shapermc_ecumenical_altar_rom_forum
D:2:      layout_loops_ring
D:3:      layout_loops_cross, serial_shops, nicolae_shop_advertising_works
          [nicolae_subvault_shop_adworks], uniq_ijyb
D:4:      layout_basic, chequers_decorated_corner, dk_vineyard_1,
          minmay_manual_mares
D:5:      layout_cave_pools, minmay_temple_entry_enclosed_plants, serial_shops,
          nicolae_shop_competitors_out_of_business, nicolae_shop_hallway_stairs,
          shop, kennysheep_little_box, serial_glass, glass_columns_a,
          glass_columns_a, glass_columns_a

Skill      XL: |  1  2  3  4  5  6  7 |
---------------+----------------------+-----
Fighting       | 1 2 3 |  3.7
Spellcasting   | 3 4 |  4.6
Evocations     | 1 2 |  2.8
Shields        | 1 2 |  2.8
Dodging        | |  2.1
Stealth        | |  1.5

Action                   |  1- 3 |  4- 6 |  7- 9 || total
-------------------------+-------+-------+-------++-------
Melee: Unarmed           |     1 |       |       ||     1
       Dagger            |     4 |    14 |     4 ||    22
 Cast: Sting             |    58 |    29 |       ||    87
       Beastly Appendage |     1 |       |       ||     1
       Poisonous Vapours |       |     5 |       ||     5
       Scorch            |       |    35 |    20 ||    55
       Stone Arrow       |       |       |     6 ||     6
       Olgreb's Toxic Ra |       |       |     1 ||     1
Armor: Leather armour    |     8 |    14 |    25 ||    47
Dodge: Dodged            |    10 |    37 |     8 ||    55
Block: Buckler           |       |    10 |     6 ||    16

Table legend: (Time is in decaauts)
 A = Elapsed time spent in this place.
 B = Non-inter-level travel time spent in this place.
 C = Inter-level travel time spent in this place.
 D = Time resting spent in this place.
 E = Time spent auto-exploring this place.
 F = Levels seen in this place.
 G = Mean time per level.
                   A        B        C        D        E       F      G
               +--------+--------+--------+--------+--------+-----+--------+
         Total |   4684 |   4574 |    110 |    485 |   3393 |   5 |  936.8 |
       Dungeon |   4684 |   4574 |    110 |    485 |   3393 |   5 |  936.8 |
               +--------+--------+--------+--------+--------+-----+--------+

Top non-repeatable levels by time:
     D:3: 1286 daAuts
     D:4: 1227 daAuts
     D:2: 1055 daAuts
     D:1: 879 daAuts
     D:5: 236 daAuts
